Workbook

Sheet Guía
A1: Partly · Presupuesto y gastos de viaje
A3: Para usarla: Archivo > Hacer una copia. Borra las filas de ejemplo y pon vuestros nombres.
A5: 1. Pestaña Viajeros: escribe los nombres (máx. 8).
A6: 2. Pestaña Monedas: elige la moneda del grupo y pon el cambio de las demás monedas.
A7: 3. Pestaña Gastos: una fila por gasto, en la moneda en que se pagó. La conversión es automática.
A8: 4. Partes: vacío para repartir a partes iguales. Si no, un peso por persona (0 = no participa, 2 = doble parte).
A9: 5. Pestaña Saldos: quién debe cuánto a quién. Mejor cerrar cuentas la última noche que tres semanas después.
A12: Cuando la hoja de cálculo se hace pesada: Partly escanea el ticket y hace las cuentas.
A13: https://partly-app.com/es/?utm_source=template&utm_medium=sheets&utm_campaign=voyage

Sheet Viajeros
A1: Nombre
A2: Álex
A3: Sara
A4: Lucía
A5: Mateo

Sheet Monedas
A1: Moneda del grupo | B1: EUR
A2: Pon el cambio del día (en Google Sheets también puedes escribir =GOOGLEFINANCE("CURRENCY:CZKEUR")). Los cambios de ejemplo hay que sustituirlos.
A3: Código | B3: ="Cambio: 1 unidad = x "&$B$1
A4: EUR | B4: 1
A5: CZK | B5: 0.04 | C5: Ejemplo
A6: GBP
A7: USD
A8: CHF
A9: HUF
A10: PLN
A11: DKK
A12: SEK
A13: NOK

Sheet Gastos
A1: Partly · Presupuesto y gastos de viaje
A2: Cuando la hoja de cálculo se hace pesada: Partly escanea el ticket y hace las cuentas. https://partly-app.com/es/?utm_source=template&utm_medium=sheets&utm_campaign=voyage
A3: Fecha | B3: Descripción | C3: Categoría | D3: Importe | E3: Moneda | F3: ="Importe ("&'Monedas'!$B$1&")" | G3: Pagado por | H3: ="Partes "&IF('Viajeros'!$A$2="","#1",'Viajeros'!$A$2) | I3: ="Partes "&IF('Viajeros'!$A$3="","#2",'Viajeros'!$A$3) | J3: ="Partes "&IF('Viajeros'!$A$4="","#3",'Viajeros'!$A$4) | K3: ="Partes "&IF('Viajeros'!$A$5="","#4",'Viajeros'!$A$5) | L3: ="Partes "&IF('Viajeros'!$A$6="","#5",'Viajeros'!$A$6) | M3: ="Partes "&IF('Viajeros'!$A$7="","#6",'Viajeros'!$A$7) | N3: ="Partes "&IF('Viajeros'!$A$8="","#7",'Viajeros'!$A$8) | O3: ="Partes "&IF('Viajeros'!$A$9="","#8",'Viajeros'!$A$9) | P3: Total partes | Q3: n | R3: Control
A4: 46312 | B4: Piso 3 noches (Ejemplo) | C4: Alojamiento | D4: 480 | E4: EUR | F4: =IF(D4="",0,D4*IF(OR(E4="",E4='Monedas'!$B$1),1,IFERROR(VLOOKUP(E4,'Monedas'!$A$4:$B$40,2,FALSE),0))) | G4: Álex | P4: =MAX(1,IF(COUNT(H4:O4)=0,COUNTIF('Viajeros'!$A$2:$A$9,"?*"),SUM(H4:O4))) | Q4: =COUNT(H4:O4) | R4: =IF(OR(D4="",E4="",E4='Monedas'!$B$1),"",IF(IFERROR(VLOOKUP(E4,'Monedas'!$A$4:$B$40,2,FALSE),0)=0,"⚠ falta el cambio",""))
A5: 46313 | B5: Cena (Ejemplo) | C5: Restaurante | D5: 1450 | E5: CZK | F5: =IF(D5="",0,D5*IF(OR(E5="",E5='Monedas'!$B$1),1,IFERROR(VLOOKUP(E5,'Monedas'!$A$4:$B$40,2,FALSE),0))) | G5: Sara | P5: =MAX(1,IF(COUNT(H5:O5)=0,COUNTIF('Viajeros'!$A$2:$A$9,"?*"),SUM(H5:O5))) | Q5: =COUNT(H5:O5) | R5: =IF(OR(D5="",E5="",E5='Monedas'!$B$1),"",IF(IFERROR(VLOOKUP(E5,'Monedas'!$A$4:$B$40,2,FALSE),0)=0,"⚠ falta el cambio",""))
A6: 46313 | B6: Museo (sin Mateo) (Ejemplo) | C6: Actividades | D6: 900 | E6: CZK | F6: =IF(D6="",0,D6*IF(OR(E6="",E6='Monedas'!$B$1),1,IFERROR(VLOOKUP(E6,'Monedas'!$A$4:$B$40,2,FALSE),0))) | G6: Lucía | H6: 1 | I6: 1 | J6: 1 | K6: 0 | P6: =MAX(1,IF(COUNT(H6:O6)=0,COUNTIF('Viajeros'!$A$2:$A$9,"?*"),SUM(H6:O6))) | Q6: =COUNT(H6:O6) | R6: =IF(OR(D6="",E6="",E6='Monedas'!$B$1),"",IF(IFERROR(VLOOKUP(E6,'Monedas'!$A$4:$B$40,2,FALSE),0)=0,"⚠ falta el cambio",""))
F7: =IF(D7="",0,D7*IF(OR(E7="",E7='Monedas'!$B$1),1,IFERROR(VLOOKUP(E7,'Monedas'!$A$4:$B$40,2,FALSE),0))) | P7: =MAX(1,IF(COUNT(H7:O7)=0,COUNTIF('Viajeros'!$A$2:$A$9,"?*"),SUM(H7:O7))) | Q7: =COUNT(H7:O7) | R7: =IF(OR(D7="",E7="",E7='Monedas'!$B$1),"",IF(IFERROR(VLOOKUP(E7,'Monedas'!$A$4:$B$40,2,FALSE),0)=0,"⚠ falta el cambio",""))
F8: =IF(D8="",0,D8*IF(OR(E8="",E8='Monedas'!$B$1),1,IFERROR(VLOOKUP(E8,'Monedas'!$A$4:$B$40,2,FALSE),0))) | P8: =MAX(1,IF(COUNT(H8:O8)=0,COUNTIF('Viajeros'!$A$2:$A$9,"?*"),SUM(H8:O8))) | Q8: =COUNT(H8:O8) | R8: =IF(OR(D8="",E8="",E8='Monedas'!$B$1),"",IF(IFERROR(VLOOKUP(E8,'Monedas'!$A$4:$B$40,2,FALSE),0)=0,"⚠ falta el cambio",""))
F9: =IF(D9="",0,D9*IF(OR(E9="",E9='Monedas'!$B$1),1,IFERROR(VLOOKUP(E9,'Monedas'!$A$4:$B$40,2,FALSE),0))) | P9: =MAX(1,IF(COUNT(H9:O9)=0,COUNTIF('Viajeros'!$A$2:$A$9,"?*"),SUM(H9:O9))) | Q9: =COUNT(H9:O9) | R9: =IF(OR(D9="",E9="",E9='Monedas'!$B$1),"",IF(IFERROR(VLOOKUP(E9,'Monedas'!$A$4:$B$40,2,FALSE),0)=0,"⚠ falta el cambio",""))
F10: =IF(D10="",0,D10*IF(OR(E10="",E10='Monedas'!$B$1),1,IFERROR(VLOOKUP(E10,'Monedas'!$A$4:$B$40,2,FALSE),0))) | P10: =MAX(1,IF(COUNT(H10:O10)=0,COUNTIF('Viajeros'!$A$2:$A$9,"?*"),SUM(H10:O10))) | Q10: =COUNT(H10:O10) | R10: =IF(OR(D10="",E10="",E10='Monedas'!$B$1),"",IF(IFERROR(VLOOKUP(E10,'Monedas'!$A$4:$B$40,2,FALSE),0)=0,"⚠ falta el cambio",""))
F11: =IF(D11="",0,D11*IF(OR(E11="",E11='Monedas'!$B$1),1,IFERROR(VLOOKUP(E11,'Monedas'!$A$4:$B$40,2,FALSE),0))) | P11: =MAX(1,IF(COUNT(H11:O11)=0,COUNTIF('Viajeros'!$A$2:$A$9,"?*"),SUM(H11:O11))) | Q11: =COUNT(H11:O11) | R11: =IF(OR(D11="",E11="",E11='Monedas'!$B$1),"",IF(IFERROR(VLOOKUP(E11,'Monedas'!$A$4:$B$40,2,FALSE),0)=0,"⚠ falta el cambio",""))
F12: =IF(D12="",0,D12*IF(OR(E12="",E12='Monedas'!$B$1),1,IFERROR(VLOOKUP(E12,'Monedas'!$A$4:$B$40,2,FALSE),0))) | P12: =MAX(1,IF(COUNT(H12:O12)=0,COUNTIF('Viajeros'!$A$2:$A$9,"?*"),SUM(H12:O12))) | Q12: =COUNT(H12:O12) | R12: =IF(OR(D12="",E12="",E12='Monedas'!$B$1),"",IF(IFERROR(VLOOKUP(E12,'Monedas'!$A$4:$B$40,2,FALSE),0)=0,"⚠ falta el cambio",""))
F13: =IF(D13="",0,D13*IF(OR(E13="",E13='Monedas'!$B$1),1,IFERROR(VLOOKUP(E13,'Monedas'!$A$4:$B$40,2,FALSE),0))) | P13: =MAX(1,IF(COUNT(H13:O13)=0,COUNTIF('Viajeros'!$A$2:$A$9,"?*"),SUM(H13:O13))) | Q13: =COUNT(H13:O13) | R13: =IF(OR(D13="",E13="",E13='Monedas'!$B$1),"",IF(IFERROR(VLOOKUP(E13,'Monedas'!$A$4:$B$40,2,FALSE),0)=0,"⚠ falta el cambio",""))
F14: =IF(D14="",0,D14*IF(OR(E14="",E14='Monedas'!$B$1),1,IFERROR(VLOOKUP(E14,'Monedas'!$A$4:$B$40,2,FALSE),0))) | P14: =MAX(1,IF(COUNT(H14:O14)=0,COUNTIF('Viajeros'!$A$2:$A$9,"?*"),SUM(H14:O14))) | Q14: =COUNT(H14:O14) | R14: =IF(OR(D14="",E14="",E14='Monedas'!$B$1),"",IF(IFERROR(VLOOKUP(E14,'Monedas'!$A$4:$B$40,2,FALSE),0)=0,"⚠ falta el cambio",""))
F15: =IF(D15="",0,D15*IF(OR(E15="",E15='Monedas'!$B$1),1,IFERROR(VLOOKUP(E15,'Monedas'!$A$4:$B$40,2,FALSE),0))) | P15: =MAX(1,IF(COUNT(H15:O15)=0,COUNTIF('Viajeros'!$A$2:$A$9,"?*"),SUM(H15:O15))) | Q15: =COUNT(H15:O15) | R15: =IF(OR(D15="",E15="",E15='Monedas'!$B$1),"",IF(IFERROR(VLOOKUP(E15,'Monedas'!$A$4:$B$40,2,FALSE),0)=0,"⚠ falta el cambio",""))
F16: =IF(D16="",0,D16*IF(OR(E16="",E16='Monedas'!$B$1),1,IFERROR(VLOOKUP(E16,'Monedas'!$A$4:$B$40,2,FALSE),0))) | P16: =MAX(1,IF(COUNT(H16:O16)=0,COUNTIF('Viajeros'!$A$2:$A$9,"?*"),SUM(H16:O16))) | Q16: =COUNT(H16:O16) | R16: =IF(OR(D16="",E16="",E16='Monedas'!$B$1),"",IF(IFERROR(VLOOKUP(E16,'Monedas'!$A$4:$B$40,2,FALSE),0)=0,"⚠ falta el cambio",""))
F17: =IF(D17="",0,D17*IF(OR(E17="",E17='Monedas'!$B$1),1,IFERROR(VLOOKUP(E17,'Monedas'!$A$4:$B$40,2,FALSE),0))) | P17: =MAX(1,IF(COUNT(H17:O17)=0,COUNTIF('Viajeros'!$A$2:$A$9,"?*"),SUM(H17:O17))) | Q17: =COUNT(H17:O17) | R17: =IF(OR(D17="",E17="",E17='Monedas'!$B$1),"",IF(IFERROR(VLOOKUP(E17,'Monedas'!$A$4:$B$40,2,FALSE),0)=0,"⚠ falta el cambio",""))
F18: =IF(D18="",0,D18*IF(OR(E18="",E18='Monedas'!$B$1),1,IFERROR(VLOOKUP(E18,'Monedas'!$A$4:$B$40,2,FALSE),0))) | P18: =MAX(1,IF(COUNT(H18:O18)=0,COUNTIF('Viajeros'!$A$2:$A$9,"?*"),SUM(H18:O18))) | Q18: =COUNT(H18:O18) | R18: =IF(OR(D18="",E18="",E18='Monedas'!$B$1),"",IF(IFERROR(VLOOKUP(E18,'Monedas'!$A$4:$B$40,2,FALSE),0)=0,"⚠ falta el cambio",""))
... F153: =IF(D153="",0,D153*IF(OR(E153="",E153='Monedas'!$B$1),1,IFERROR(VLOOKUP(E153,'Monedas'!$A$4:$B$40,2,FALSE),0))) | P153: =MAX(1,IF(COUNT(H153:O153)=0,COUNTIF('Viajeros'!$A$2:$A$9,"?*"),SUM(H153:O153))) | Q153: =COUNT(H153:O153) | R153: =IF(OR(D153="",E153="",E153='Monedas'!$B$1),"",IF(IFERROR(VLOOKUP(E153,'Monedas'!$A$4:$B$40,2,FALSE),0)=0,"⚠ falta el cambio",""))

Sheet Saldos
A1: Partly · Presupuesto y gastos de viaje
A2: Cuando la hoja de cálculo se hace pesada: Partly escanea el ticket y hace las cuentas. https://partly-app.com/es/?utm_source=template&utm_medium=sheets&utm_campaign=voyage
A4: Nombre | B4: Ha pagado | C4: Su parte | D4: Saldo (+ = le deben) | E4: debt | F4: credit | G4: d0 | H4: d1 | I4: c0 | J4: c1
A5: =IF('Viajeros'!A2="","",'Viajeros'!A2) | B5: =IF(A5="","",SUMIF('Gastos'!$G$4:$G$153,A5,'Gastos'!$F$4:$F$153)) | C5: =IF(A5="","",SUMPRODUCT('Gastos'!$F$4:$F$153,(('Gastos'!$Q$4:$Q$153=0)+('Gastos'!$Q$4:$Q$153>0)*'Gastos'!$H$4:$H$153)/'Gastos'!$P$4:$P$153)) | D5: =IF(A5="","",ROUND(B5-C5,2)) | E5: =IF(A5="",0,MAX(0,C5-B5)) | F5: =IF(A5="",0,MAX(0,B5-C5)) | G5: =SUM(E$4:E4) | H5: =G5+E5 | I5: =SUM(F$4:F4) | J5: =I5+F5
A6: =IF('Viajeros'!A3="","",'Viajeros'!A3) | B6: =IF(A6="","",SUMIF('Gastos'!$G$4:$G$153,A6,'Gastos'!$F$4:$F$153)) | C6: =IF(A6="","",SUMPRODUCT('Gastos'!$F$4:$F$153,(('Gastos'!$Q$4:$Q$153=0)+('Gastos'!$Q$4:$Q$153>0)*'Gastos'!$I$4:$I$153)/'Gastos'!$P$4:$P$153)) | D6: =IF(A6="","",ROUND(B6-C6,2)) | E6: =IF(A6="",0,MAX(0,C6-B6)) | F6: =IF(A6="",0,MAX(0,B6-C6)) | G6: =SUM(E$4:E5) | H6: =G6+E6 | I6: =SUM(F$4:F5) | J6: =I6+F6
A7: =IF('Viajeros'!A4="","",'Viajeros'!A4) | B7: =IF(A7="","",SUMIF('Gastos'!$G$4:$G$153,A7,'Gastos'!$F$4:$F$153)) | C7: =IF(A7="","",SUMPRODUCT('Gastos'!$F$4:$F$153,(('Gastos'!$Q$4:$Q$153=0)+('Gastos'!$Q$4:$Q$153>0)*'Gastos'!$J$4:$J$153)/'Gastos'!$P$4:$P$153)) | D7: =IF(A7="","",ROUND(B7-C7,2)) | E7: =IF(A7="",0,MAX(0,C7-B7)) | F7: =IF(A7="",0,MAX(0,B7-C7)) | G7: =SUM(E$4:E6) | H7: =G7+E7 | I7: =SUM(F$4:F6) | J7: =I7+F7
A8: =IF('Viajeros'!A5="","",'Viajeros'!A5) | B8: =IF(A8="","",SUMIF('Gastos'!$G$4:$G$153,A8,'Gastos'!$F$4:$F$153)) | C8: =IF(A8="","",SUMPRODUCT('Gastos'!$F$4:$F$153,(('Gastos'!$Q$4:$Q$153=0)+('Gastos'!$Q$4:$Q$153>0)*'Gastos'!$K$4:$K$153)/'Gastos'!$P$4:$P$153)) | D8: =IF(A8="","",ROUND(B8-C8,2)) | E8: =IF(A8="",0,MAX(0,C8-B8)) | F8: =IF(A8="",0,MAX(0,B8-C8)) | G8: =SUM(E$4:E7) | H8: =G8+E8 | I8: =SUM(F$4:F7) | J8: =I8+F8
A9: =IF('Viajeros'!A6="","",'Viajeros'!A6) | B9: =IF(A9="","",SUMIF('Gastos'!$G$4:$G$153,A9,'Gastos'!$F$4:$F$153)) | C9: =IF(A9="","",SUMPRODUCT('Gastos'!$F$4:$F$153,(('Gastos'!$Q$4:$Q$153=0)+('Gastos'!$Q$4:$Q$153>0)*'Gastos'!$L$4:$L$153)/'Gastos'!$P$4:$P$153)) | D9: =IF(A9="","",ROUND(B9-C9,2)) | E9: =IF(A9="",0,MAX(0,C9-B9)) | F9: =IF(A9="",0,MAX(0,B9-C9)) | G9: =SUM(E$4:E8) | H9: =G9+E9 | I9: =SUM(F$4:F8) | J9: =I9+F9
A10: =IF('Viajeros'!A7="","",'Viajeros'!A7) | B10: =IF(A10="","",SUMIF('Gastos'!$G$4:$G$153,A10,'Gastos'!$F$4:$F$153)) | C10: =IF(A10="","",SUMPRODUCT('Gastos'!$F$4:$F$153,(('Gastos'!$Q$4:$Q$153=0)+('Gastos'!$Q$4:$Q$153>0)*'Gastos'!$M$4:$M$153)/'Gastos'!$P$4:$P$153)) | D10: =IF(A10="","",ROUND(B10-C10,2)) | E10: =IF(A10="",0,MAX(0,C10-B10)) | F10: =IF(A10="",0,MAX(0,B10-C10)) | G10: =SUM(E$4:E9) | H10: =G10+E10 | I10: =SUM(F$4:F9) | J10: =I10+F10
A11: =IF('Viajeros'!A8="","",'Viajeros'!A8) | B11: =IF(A11="","",SUMIF('Gastos'!$G$4:$G$153,A11,'Gastos'!$F$4:$F$153)) | C11: =IF(A11="","",SUMPRODUCT('Gastos'!$F$4:$F$153,(('Gastos'!$Q$4:$Q$153=0)+('Gastos'!$Q$4:$Q$153>0)*'Gastos'!$N$4:$N$153)/'Gastos'!$P$4:$P$153)) | D11: =IF(A11="","",ROUND(B11-C11,2)) | E11: =IF(A11="",0,MAX(0,C11-B11)) | F11: =IF(A11="",0,MAX(0,B11-C11)) | G11: =SUM(E$4:E10) | H11: =G11+E11 | I11: =SUM(F$4:F10) | J11: =I11+F11
A12: =IF('Viajeros'!A9="","",'Viajeros'!A9) | B12: =IF(A12="","",SUMIF('Gastos'!$G$4:$G$153,A12,'Gastos'!$F$4:$F$153)) | C12: =IF(A12="","",SUMPRODUCT('Gastos'!$F$4:$F$153,(('Gastos'!$Q$4:$Q$153=0)+('Gastos'!$Q$4:$Q$153>0)*'Gastos'!$O$4:$O$153)/'Gastos'!$P$4:$P$153)) | D12: =IF(A12="","",ROUND(B12-C12,2)) | E12: =IF(A12="",0,MAX(0,C12-B12)) | F12: =IF(A12="",0,MAX(0,B12-C12)) | G12: =SUM(E$4:E11) | H12: =G12+E12 | I12: =SUM(F$4:F11) | J12: =I12+F12
A15: Quién debe cuánto a quién
A16: =IF(OR($A$5="",LEN(J29)<4),"",$A$5&" debe "&LEFT(J29,LEN(J29)-3))
A17: =IF(OR($A$6="",LEN(J30)<4),"",$A$6&" debe "&LEFT(J30,LEN(J30)-3))
A18: =IF(OR($A$7="",LEN(J31)<4),"",$A$7&" debe "&LEFT(J31,LEN(J31)-3))
A19: =IF(OR($A$8="",LEN(J32)<4),"",$A$8&" debe "&LEFT(J32,LEN(J32)-3))
A20: =IF(OR($A$9="",LEN(J33)<4),"",$A$9&" debe "&LEFT(J33,LEN(J33)-3))
A21: =IF(OR($A$10="",LEN(J34)<4),"",$A$10&" debe "&LEFT(J34,LEN(J34)-3))
A22: =IF(OR($A$11="",LEN(J35)<4),"",$A$11&" debe "&LEFT(J35,LEN(J35)-3))
A23: =IF(OR($A$12="",LEN(J36)<4),"",$A$12&" debe "&LEFT(J36,LEN(J36)-3))
A27: Detalle de pagos (fila = quién paga, columna = quién recibe)
B28: =$A$5 | C28: =$A$6 | D28: =$A$7 | E28: =$A$8 | F28: =$A$9 | G28: =$A$10 | H28: =$A$11 | I28: =$A$12
A29: =$A$5 | B29: =ROUND(MAX(0,MIN($H$5,$J$5)-MAX($G$5,$I$5)),2) | C29: =ROUND(MAX(0,MIN($H$5,$J$6)-MAX($G$5,$I$6)),2) | D29: =ROUND(MAX(0,MIN($H$5,$J$7)-MAX($G$5,$I$7)),2) | E29: =ROUND(MAX(0,MIN($H$5,$J$8)-MAX($G$5,$I$8)),2) | F29: =ROUND(MAX(0,MIN($H$5,$J$9)-MAX($G$5,$I$9)),2) | G29: =ROUND(MAX(0,MIN($H$5,$J$10)-MAX($G$5,$I$10)),2) | H29: =ROUND(MAX(0,MIN($H$5,$J$11)-MAX($G$5,$I$11)),2) | I29: =ROUND(MAX(0,MIN($H$5,$J$12)-MAX($G$5,$I$12)),2) | J29: =IF(B29>=0.01,TEXT(B29,"0.00")&" "&'Monedas'!$B$1&" a "&$A$5&" · ","")&IF(C29>=0.01,TEXT(C29,"0.00")&" "&'Monedas'!$B$1&" a "&$A$6&" · ","")&IF(D29>=0.01,TEXT(D29,"0.00")&" "&'Monedas'!$B$1&" a "&$A$7&" · ","")&IF(E29>=0.01,TEXT(E29,"0.00")&" "&'Monedas'!$B$1&" a "&$A$8&" · ","")&IF(F29>=0.01,TEXT(F29,"0.00")&" "&'Monedas'!$B$1&" a "&$A$9&" · ","")&IF(G29>=0.01,TEXT(G29,"0.00")&" "&'Monedas'!$B$1&" a "&$A$10&" · ","")&IF(H29>=0.01,TEXT(H29,"0.00")&" "&'Monedas'!$B$1&" a "&$A$11&" · ","")&IF(I29>=0.01,TEXT(I29,"0.00")&" "&'Monedas'!$B$1&" a "&$A$12&" · ","")
A30: =$A$6 | B30: =ROUND(MAX(0,MIN($H$6,$J$5)-MAX($G$6,$I$5)),2) | C30: =ROUND(MAX(0,MIN($H$6,$J$6)-MAX($G$6,$I$6)),2) | D30: =ROUND(MAX(0,MIN($H$6,$J$7)-MAX($G$6,$I$7)),2) | E30: =ROUND(MAX(0,MIN($H$6,$J$8)-MAX($G$6,$I$8)),2) | F30: =ROUND(MAX(0,MIN($H$6,$J$9)-MAX($G$6,$I$9)),2) | G30: =ROUND(MAX(0,MIN($H$6,$J$10)-MAX($G$6,$I$10)),2) | H30: =ROUND(MAX(0,MIN($H$6,$J$11)-MAX($G$6,$I$11)),2) | I30: =ROUND(MAX(0,MIN($H$6,$J$12)-MAX($G$6,$I$12)),2) | J30: =IF(B30>=0.01,TEXT(B30,"0.00")&" "&'Monedas'!$B$1&" a "&$A$5&" · ","")&IF(C30>=0.01,TEXT(C30,"0.00")&" "&'Monedas'!$B$1&" a "&$A$6&" · ","")&IF(D30>=0.01,TEXT(D30,"0.00")&" "&'Monedas'!$B$1&" a "&$A$7&" · ","")&IF(E30>=0.01,TEXT(E30,"0.00")&" "&'Monedas'!$B$1&" a "&$A$8&" · ","")&IF(F30>=0.01,TEXT(F30,"0.00")&" "&'Monedas'!$B$1&" a "&$A$9&" · ","")&IF(G30>=0.01,TEXT(G30,"0.00")&" "&'Monedas'!$B$1&" a "&$A$10&" · ","")&IF(H30>=0.01,TEXT(H30,"0.00")&" "&'Monedas'!$B$1&" a "&$A$11&" · ","")&IF(I30>=0.01,TEXT(I30,"0.00")&" "&'Monedas'!$B$1&" a "&$A$12&" · ","")
A31: =$A$7 | B31: =ROUND(MAX(0,MIN($H$7,$J$5)-MAX($G$7,$I$5)),2) | C31: =ROUND(MAX(0,MIN($H$7,$J$6)-MAX($G$7,$I$6)),2) | D31: =ROUND(MAX(0,MIN($H$7,$J$7)-MAX($G$7,$I$7)),2) | E31: =ROUND(MAX(0,MIN($H$7,$J$8)-MAX($G$7,$I$8)),2) | F31: =ROUND(MAX(0,MIN($H$7,$J$9)-MAX($G$7,$I$9)),2) | G31: =ROUND(MAX(0,MIN($H$7,$J$10)-MAX($G$7,$I$10)),2) | H31: =ROUND(MAX(0,MIN($H$7,$J$11)-MAX($G$7,$I$11)),2) | I31: =ROUND(MAX(0,MIN($H$7,$J$12)-MAX($G$7,$I$12)),2) | J31: =IF(B31>=0.01,TEXT(B31,"0.00")&" "&'Monedas'!$B$1&" a "&$A$5&" · ","")&IF(C31>=0.01,TEXT(C31,"0.00")&" "&'Monedas'!$B$1&" a "&$A$6&" · ","")&IF(D31>=0.01,TEXT(D31,"0.00")&" "&'Monedas'!$B$1&" a "&$A$7&" · ","")&IF(E31>=0.01,TEXT(E31,"0.00")&" "&'Monedas'!$B$1&" a "&$A$8&" · ","")&IF(F31>=0.01,TEXT(F31,"0.00")&" "&'Monedas'!$B$1&" a "&$A$9&" · ","")&IF(G31>=0.01,TEXT(G31,"0.00")&" "&'Monedas'!$B$1&" a "&$A$10&" · ","")&IF(H31>=0.01,TEXT(H31,"0.00")&" "&'Monedas'!$B$1&" a "&$A$11&" · ","")&IF(I31>=0.01,TEXT(I31,"0.00")&" "&'Monedas'!$B$1&" a "&$A$12&" · ","")
A32: =$A$8 | B32: =ROUND(MAX(0,MIN($H$8,$J$5)-MAX($G$8,$I$5)),2) | C32: =ROUND(MAX(0,MIN($H$8,$J$6)-MAX($G$8,$I$6)),2) | D32: =ROUND(MAX(0,MIN($H$8,$J$7)-MAX($G$8,$I$7)),2) | E32: =ROUND(MAX(0,MIN($H$8,$J$8)-MAX($G$8,$I$8)),2) | F32: =ROUND(MAX(0,MIN($H$8,$J$9)-MAX($G$8,$I$9)),2) | G32: =ROUND(MAX(0,MIN($H$8,$J$10)-MAX($G$8,$I$10)),2) | H32: =ROUND(MAX(0,MIN($H$8,$J$11)-MAX($G$8,$I$11)),2) | I32: =ROUND(MAX(0,MIN($H$8,$J$12)-MAX($G$8,$I$12)),2) | J32: =IF(B32>=0.01,TEXT(B32,"0.00")&" "&'Monedas'!$B$1&" a "&$A$5&" · ","")&IF(C32>=0.01,TEXT(C32,"0.00")&" "&'Monedas'!$B$1&" a "&$A$6&" · ","")&IF(D32>=0.01,TEXT(D32,"0.00")&" "&'Monedas'!$B$1&" a "&$A$7&" · ","")&IF(E32>=0.01,TEXT(E32,"0.00")&" "&'Monedas'!$B$1&" a "&$A$8&" · ","")&IF(F32>=0.01,TEXT(F32,"0.00")&" "&'Monedas'!$B$1&" a "&$A$9&" · ","")&IF(G32>=0.01,TEXT(G32,"0.00")&" "&'Monedas'!$B$1&" a "&$A$10&" · ","")&IF(H32>=0.01,TEXT(H32,"0.00")&" "&'Monedas'!$B$1&" a "&$A$11&" · ","")&IF(I32>=0.01,TEXT(I32,"0.00")&" "&'Monedas'!$B$1&" a "&$A$12&" · ","")
A33: =$A$9 | B33: =ROUND(MAX(0,MIN($H$9,$J$5)-MAX($G$9,$I$5)),2) | C33: =ROUND(MAX(0,MIN($H$9,$J$6)-MAX($G$9,$I$6)),2) | D33: =ROUND(MAX(0,MIN($H$9,$J$7)-MAX($G$9,$I$7)),2) | E33: =ROUND(MAX(0,MIN($H$9,$J$8)-MAX($G$9,$I$8)),2) | F33: =ROUND(MAX(0,MIN($H$9,$J$9)-MAX($G$9,$I$9)),2) | G33: =ROUND(MAX(0,MIN($H$9,$J$10)-MAX($G$9,$I$10)),2) | H33: =ROUND(MAX(0,MIN($H$9,$J$11)-MAX($G$9,$I$11)),2) | I33: =ROUND(MAX(0,MIN($H$9,$J$12)-MAX($G$9,$I$12)),2) | J33: =IF(B33>=0.01,TEXT(B33,"0.00")&" "&'Monedas'!$B$1&" a "&$A$5&" · ","")&IF(C33>=0.01,TEXT(C33,"0.00")&" "&'Monedas'!$B$1&" a "&$A$6&" · ","")&IF(D33>=0.01,TEXT(D33,"0.00")&" "&'Monedas'!$B$1&" a "&$A$7&" · ","")&IF(E33>=0.01,TEXT(E33,"0.00")&" "&'Monedas'!$B$1&" a "&$A$8&" · ","")&IF(F33>=0.01,TEXT(F33,"0.00")&" "&'Monedas'!$B$1&" a "&$A$9&" · ","")&IF(G33>=0.01,TEXT(G33,"0.00")&" "&'Monedas'!$B$1&" a "&$A$10&" · ","")&IF(H33>=0.01,TEXT(H33,"0.00")&" "&'Monedas'!$B$1&" a "&$A$11&" · ","")&IF(I33>=0.01,TEXT(I33,"0.00")&" "&'Monedas'!$B$1&" a "&$A$12&" · ","")
A34: =$A$10 | B34: =ROUND(MAX(0,MIN($H$10,$J$5)-MAX($G$10,$I$5)),2) | C34: =ROUND(MAX(0,MIN($H$10,$J$6)-MAX($G$10,$I$6)),2) | D34: =ROUND(MAX(0,MIN($H$10,$J$7)-MAX($G$10,$I$7)),2) | E34: =ROUND(MAX(0,MIN($H$10,$J$8)-MAX($G$10,$I$8)),2) | F34: =ROUND(MAX(0,MIN($H$10,$J$9)-MAX($G$10,$I$9)),2) | G34: =ROUND(MAX(0,MIN($H$10,$J$10)-MAX($G$10,$I$10)),2) | H34: =ROUND(MAX(0,MIN($H$10,$J$11)-MAX($G$10,$I$11)),2) | I34: =ROUND(MAX(0,MIN($H$10,$J$12)-MAX($G$10,$I$12)),2) | J34: =IF(B34>=0.01,TEXT(B34,"0.00")&" "&'Monedas'!$B$1&" a "&$A$5&" · ","")&IF(C34>=0.01,TEXT(C34,"0.00")&" "&'Monedas'!$B$1&" a "&$A$6&" · ","")&IF(D34>=0.01,TEXT(D34,"0.00")&" "&'Monedas'!$B$1&" a "&$A$7&" · ","")&IF(E34>=0.01,TEXT(E34,"0.00")&" "&'Monedas'!$B$1&" a "&$A$8&" · ","")&IF(F34>=0.01,TEXT(F34,"0.00")&" "&'Monedas'!$B$1&" a "&$A$9&" · ","")&IF(G34>=0.01,TEXT(G34,"0.00")&" "&'Monedas'!$B$1&" a "&$A$10&" · ","")&IF(H34>=0.01,TEXT(H34,"0.00")&" "&'Monedas'!$B$1&" a "&$A$11&" · ","")&IF(I34>=0.01,TEXT(I34,"0.00")&" "&'Monedas'!$B$1&" a "&$A$12&" · ","")
A35: =$A$11 | B35: =ROUND(MAX(0,MIN($H$11,$J$5)-MAX($G$11,$I$5)),2) | C35: =ROUND(MAX(0,MIN($H$11,$J$6)-MAX($G$11,$I$6)),2) | D35: =ROUND(MAX(0,MIN($H$11,$J$7)-MAX($G$11,$I$7)),2) | E35: =ROUND(MAX(0,MIN($H$11,$J$8)-MAX($G$11,$I$8)),2) | F35: =ROUND(MAX(0,MIN($H$11,$J$9)-MAX($G$11,$I$9)),2) | G35: =ROUND(MAX(0,MIN($H$11,$J$10)-MAX($G$11,$I$10)),2) | H35: =ROUND(MAX(0,MIN($H$11,$J$11)-MAX($G$11,$I$11)),2) | I35: =ROUND(MAX(0,MIN($H$11,$J$12)-MAX($G$11,$I$12)),2) | J35: =IF(B35>=0.01,TEXT(B35,"0.00")&" "&'Monedas'!$B$1&" a "&$A$5&" · ","")&IF(C35>=0.01,TEXT(C35,"0.00")&" "&'Monedas'!$B$1&" a "&$A$6&" · ","")&IF(D35>=0.01,TEXT(D35,"0.00")&" "&'Monedas'!$B$1&" a "&$A$7&" · ","")&IF(E35>=0.01,TEXT(E35,"0.00")&" "&'Monedas'!$B$1&" a "&$A$8&" · ","")&IF(F35>=0.01,TEXT(F35,"0.00")&" "&'Monedas'!$B$1&" a "&$A$9&" · ","")&IF(G35>=0.01,TEXT(G35,"0.00")&" "&'Monedas'!$B$1&" a "&$A$10&" · ","")&IF(H35>=0.01,TEXT(H35,"0.00")&" "&'Monedas'!$B$1&" a "&$A$11&" · ","")&IF(I35>=0.01,TEXT(I35,"0.00")&" "&'Monedas'!$B$1&" a "&$A$12&" · ","")
A36: =$A$12 | B36: =ROUND(MAX(0,MIN($H$12,$J$5)-MAX($G$12,$I$5)),2) | C36: =ROUND(MAX(0,MIN($H$12,$J$6)-MAX($G$12,$I$6)),2) | D36: =ROUND(MAX(0,MIN($H$12,$J$7)-MAX($G$12,$I$7)),2) | E36: =ROUND(MAX(0,MIN($H$12,$J$8)-MAX($G$12,$I$8)),2) | F36: =ROUND(MAX(0,MIN($H$12,$J$9)-MAX($G$12,$I$9)),2) | G36: =ROUND(MAX(0,MIN($H$12,$J$10)-MAX($G$12,$I$10)),2) | H36: =ROUND(MAX(0,MIN($H$12,$J$11)-MAX($G$12,$I$11)),2) | I36: =ROUND(MAX(0,MIN($H$12,$J$12)-MAX($G$12,$I$12)),2) | J36: =IF(B36>=0.01,TEXT(B36,"0.00")&" "&'Monedas'!$B$1&" a "&$A$5&" · ","")&IF(C36>=0.01,TEXT(C36,"0.00")&" "&'Monedas'!$B$1&" a "&$A$6&" · ","")&IF(D36>=0.01,TEXT(D36,"0.00")&" "&'Monedas'!$B$1&" a "&$A$7&" · ","")&IF(E36>=0.01,TEXT(E36,"0.00")&" "&'Monedas'!$B$1&" a "&$A$8&" · ","")&IF(F36>=0.01,TEXT(F36,"0.00")&" "&'Monedas'!$B$1&" a "&$A$9&" · ","")&IF(G36>=0.01,TEXT(G36,"0.00")&" "&'Monedas'!$B$1&" a "&$A$10&" · ","")&IF(H36>=0.01,TEXT(H36,"0.00")&" "&'Monedas'!$B$1&" a "&$A$11&" · ","")&IF(I36>=0.01,TEXT(I36,"0.00")&" "&'Monedas'!$B$1&" a "&$A$12&" · ","")
